 Dungeon Crawl Stone Soup version 0.30.1-6-gbe392663c4 (webtiles) character file.

Game seed: 11796828020677576689

764 Almogavar the Covered (level 7, -2/56 HPs)
             Began as a Gnoll Wanderer on Sept 21, 2023.
             Slain by an ogre
             ... wielding a +0 giant club
              (27 damage)
             ... on level 4 of the Dungeon.
             The game lasted 00:09:18 (4265 turns).

Almogavar the Covered (Gnoll Wanderer)              Turns: 4265, Time: 00:09:18

Health: -2/56      AC: 10    Str: 13    XL:     7   Next: 81%
Magic:  11/11      EV: 11    Int: 12    God:
Gold:   158        SH:  0    Dex: 17    Spells: 11/11 levels left

rFire   . . .        a - +3 short sword
rCold   . . .        (no shield)
rNeg    . . .        j - +3 ring mail
rPois   .            (no helmet)
rElec   .            x - +0 cloak
rCorr   .            (no gloves)
SInv    .            (no boots)
Will    .....        (no amulet)
Stlth   ++           u - +6 ring of dexterity
HPRegen 0.29/turn    (no ring)
MPRegen 0.12/turn

%: no passive effects
@: no status effects
A: fangs 1, strong nose, distributed training
a: no special abilities


You were on level 4 of the Dungeon.
You visited 1 branch of the dungeon, and saw 4 of its levels.
You also visited: Sewer.

You collected 158 gold pieces.

Inventory:

Hand Weapons
 a - a +3 short sword (weapon)
 w - a +3 sling
Missiles
 p - 21 poisoned darts (quivered)
Armour
 d - an orb of light
 i - a +0 plate armour
 j - a +3 ring mail (worn)
 x - a +0 cloak (worn)
Jewellery
 h - a ring of fire
 u - a +6 ring of dexterity (left hand)
Wands
 y - a wand of flame (12)
Scrolls
 e - a scroll of enchant armour
 f - 3 scrolls of poison
 o - 4 scrolls of magic mapping {unknown}
 q - a scroll of fear {unknown}
 r - a scroll of summoning {unknown}
 s - 3 scrolls of vulnerability {unknown}
 t - a scroll of brand weapon {unknown}
Potions
 b - 2 potions of mutation
 c - a potion of attraction
 g - a potion of lignification
 k - a potion of brilliance {unknown}
 l - a potion of flight
 m - a potion of haste
 n - a potion of heal wounds {unknown}
 v - a potion of berserk rage {unknown}
 z - 2 potions of curing {unknown}
 A - a potion of cancellation {unknown}


   Skills:
 + Level 5.4 Fighting
 + Level 7.2 Short Blades
 + Level 2.8 Long Blades
 + Level 2.8 Axes
 + Level 2.8 Maces & Flails
 + Level 2.8 Polearms
 + Level 2.8 Staves
 + Level 2.8 Ranged Weapons
 + Level 2.8 Throwing
 + Level 7.2 Armour
 + Level 2.8 Dodging
 + Level 2.8 Stealth
 + Level 2.8 Shields
 + Level 2.8 Unarmed Combat
 + Level 2.8 Spellcasting
 + Level 2.3 Conjurations
 + Level 2.3 Hexes
 + Level 2.3 Summonings
 + Level 2.3 Necromancy
 + Level 2.3 Translocations
 + Level 2.3 Transmutations
 + Level 2.3 Fire Magic
 + Level 2.3 Ice Magic
 + Level 2.3 Air Magic
 + Level 2.3 Earth Magic
 + Level 2.3 Poison Magic
 + Level 4.1 Invocations
 + Level 3.9 Evocations


You had 11 spell levels left.
You didn't know any spells.
Your spell library was empty.

Dungeon Overview and Level Annotations

Branches:
Dungeon (4/15)              Sewer (visited)
 Temple: D:4-7

Altars:
Uskayaw

Shops:
D:4 :(


Innate Abilities, Weirdness & Mutations

You have very sharp teeth.
Your uncanny sense of smell can sniff out nearby items.
Your experience applies equally to all skills.


Message History

The orc is almost dead.
The orc completely misses you.
You barely miss the orc.
The orc is almost dead.
The ogre shouts!
The orc closely misses you.
You puncture the orc!
You kill the orc!
Things that are here:
a +1 whip of flaming; an orc corpse Throw: 22 darts (poison)
Press: ? - help, Q - select action, (/) - cycle Shift-Dir - straight line, f - ogre
Aim: an ogre, wielding a +0 giant club (77% to hit)
You throw a poisoned dart.
The poisoned dart barely misses the ogre.
You hit the ogre.
The ogre is lightly wounded.
The ogre hits you with a +0 giant club.
You barely miss the ogre.
The ogre is lightly wounded.
You hit the ogre. You bite the ogre, but do no damage.
The ogre is moderately wounded.
You hit the ogre.
The ogre is moderately wounded.
The ogre hits you with a +0 giant club.
You hit the ogre.
The ogre is heavily wounded.
You hit the ogre. Your bite misses the ogre.
The ogre is heavily wounded.
The ogre hits you with a +0 giant club!!
Ouch! That really hurt!
You are too injured to fight recklessly!
You are too injured to fight recklessly!
You are too injured to fight recklessly!
You hit the ogre.
The ogre is severely wounded.
You hit the ogre.
The ogre is almost dead.
The ogre hits you with a +0 giant club!!
You die...

#####.≈......#...#.......
....#.≈.#†.#.#.#.#.##.#.#
#._.#.≈.#..#.#.#.#.##....
#.....≈....#.#.#.#.#...##
#####.≈.##.#)#.........##
.................#.######
≈≈≈≈≈≈≈...##.......# ##
..........########.# #.
##.#####@....# #.# #. ...
#O###.# ..# #. ## #.# # #.# #.
... ### #. ... #. ..(.. ...
##### ###. ##### #.
###################...##########


You could see an ogre.

Vanquished Creatures
  Grinder (D:4)
  3 kobold brigands (Sewer)
  A scorpion (D:4)
  A hound (D:4)
  An iguana (D:4)
  16 adders
  4 river rats
  An ufetubus (D:4)
  4 worms
  2 orcs
  5 ball pythons
  5 endoplasms
  A giant cockroach (D:4)
  5 goblins
  6 hobgoblins
  5 kobolds
  6 quokkas
  4 bats
  3 frilled lizards
  16 rats
90 creatures vanquished.

Notes
Turn   | Place    | Note
-------+----------+-------------------------------------------
     0 | D:1      | Almogavar the Gnoll Wanderer began the quest for the Orb.
     0 | D:1      | Almogavar set off with the following items: a +3 short
                  | sword, a +0 ring mail, a potion of attraction.
     0 | D:1      | Reached XP level 1. HP: 20/20 MP: 2/2
   395 | D:1      | Reached XP level 2. HP: 26/26 MP: 3/3
   745 | D:2      | Reached XP level 3. HP: 31/31 MP: 4/4
  1130 | D:2      | Reached skill level 1 in Long Blades
  1130 | D:2      | Reached skill level 1 in Axes
  1130 | D:2      | Reached skill level 1 in Maces & Flails
  1130 | D:2      | Reached skill level 1 in Polearms
  1130 | D:2      | Reached skill level 1 in Staves
  1130 | D:2      | Reached skill level 1 in Ranged Weapons
  1130 | D:2      | Reached skill level 1 in Throwing
  1130 | D:2      | Reached skill level 1 in Dodging
  1130 | D:2      | Reached skill level 1 in Stealth
  1130 | D:2      | Reached skill level 1 in Shields
  1130 | D:2      | Reached skill level 1 in Unarmed Combat
  1130 | D:2      | Reached skill level 1 in Spellcasting
  1191 | D:2      | You fall into a shaft and drop 1 floor!
  1479 | D:3      | Reached XP level 4. HP: 38/38 MP: 6/6
  1542 | D:3      | Reached skill level 1 in Conjurations
  1542 | D:3      | Reached skill level 1 in Hexes
  1542 | D:3      | Reached skill level 1 in Summonings
  1542 | D:3      | Reached skill level 1 in Necromancy
  1542 | D:3      | Reached skill level 1 in Translocations
  1542 | D:3      | Reached skill level 1 in Transmutations
  1542 | D:3      | Reached skill level 1 in Fire Magic
  1542 | D:3      | Reached skill level 1 in Ice Magic
  1542 | D:3      | Reached skill level 1 in Air Magic
  1542 | D:3      | Reached skill level 1 in Earth Magic
  1542 | D:3      | Reached skill level 1 in Poison Magic
  1634 | D:3      | Found a glowing drain.
  1641 | Sewer    | Entered a sewer
  1833 | Sewer    | Reached XP level 5. HP: 43/43 MP: 7/7
  1908 | Sewer    | Noticed a kobold brigand
  1922 | Sewer    | Killed a kobold brigand
  1984 | Sewer    | Noticed a kobold brigand
  2008 | Sewer    | Killed a kobold brigand
  2009 | Sewer    | Reached skill level 5 in Fighting
  2009 | Sewer    | Reached XP level 6. HP: 7/51 MP: 7/9
  3448 | D:4      | Found Yreplea's Book Emporium.
  3477 | D:4      | Reached XP level 7. HP: 46/56 MP: 10/10
  3787 | D:4      | Noticed Grinder
  3819 | D:4      | Killed Grinder
  3940 | D:4      | Found Woqevad's Antique Weapon Boutique.
  4244 | D:4      | Found a hide-covered altar of Uskayaw.
  4265 | D:4      | Slain by an ogre

Illustrated notes

Levels and vault maps discovered:
D:1:      roderic_dead_forest, layout_loops_ring
D:2:      layout_loops_corners, minmay_pentomino_v4
D:3:      layout_basic, lightli_sewer_entry_pipes, st_stairs_10
D:4:      layout_basic, mainiacjoe_overflow_brackets, minitemple, serial_shops,
          shop, nicolae_shop_real_fake_doors, shop, minmay_surrounded,
          uniq_grinder

Skill      XL: |  1  2  3  4  5  6  7 |
---------------+----------------------+-----
Long Blades    | 1 2 |  2.8
Axes           | 1 2 |  2.8
Maces & Flails | 1 2 |  2.8
Polearms       | 1 2 |  2.8
Staves         | 1 2 |  2.8
Ranged Weapons | 1 2 |  2.8
Throwing       | 1 2 |  2.8
Dodging        | 1 2 |  2.8
Stealth        | 1 2 |  2.8
Shields        | 1 2 |  2.8
Unarmed Combat | 1 2 |  2.8
Spellcasting   | 1 2 |  2.8
Conjurations   | 1 2 |  2.3
Hexes          | 1 2 |  2.3
Summonings     | 1 2 |  2.3
Necromancy     | 1 2 |  2.3
Translocations | 1 2 |  2.3
Transmutations | 1 2 |  2.3
Fire Magic     | 1 2 |  2.3
Ice Magic      | 1 2 |  2.3
Air Magic      | 1 2 |  2.3
Earth Magic    | 1 2 |  2.3
Poison Magic   | 1 2 |  2.3
Invocations    | 3 4 |  4.1
Evocations     | 3 |  3.9
Fighting       | 5 |  5.4
Short Blades   | 7 |  7.2
Armour         | 7 |  7.2

Action                     |  1- 3 |  4- 6 |  7- 9 || total
---------------------------+-------+-------+-------++-------
  Melee: Short sword       |   102 |   297 |    83 ||   482
         Bite              |    10 |    28 |    12 ||    50
         Punch             |     1 |     1 |     1 ||     3
  Throw: Dart              |       |     3 |    11 ||    14
    Use: Potion            |       |     2 |       ||     2
         Scroll            |       |     4 |       ||     4
 Armour: Ring mail         |    34 |    82 |    18 ||   134
  Dodge: Dodged            |    32 |   106 |    26 ||   164
